AoeStats
← MaSSH5677

Socotra

506302310Analyzed
4v4 RM · 18d ago on Sep 13, 2026· 13m 17s· 8 players
Game mode
Random Map
Map size
148×148
Population
200
Speed
Normal
Resources
Standard
Victory
Conquest
Starting age
Dark Age
Ending age
Imperial Age
RankedLock teamsTeams togetherTeam positionsShared explorationLock speedFull tech treeHidden civsTurbo modeCheats
Victory
Defeat
🇺🇾 Persians · Uruguay
1461
+3
🇺🇾 Britons · Uruguay
1080
+12
🇺🇾 Sicilians · Uruguay
1000
+16
🇺🇾 Armenians · Uruguay
985
+16
🇺🇸 Japanese · United States
1084
-15
🇭🇰 Turks · Hong Kong SAR China
1050
-12
🇦🇷 Sicilians · Argentina
994
-10
🇦🇷 Mongols · Argentina
982
-10
Sgt. Shaftoe
6:15 Loom
13:07 Feudal Age
GUISO DE LENTEJAS
13:57 Feudal Age
MaSSH5677
6:19 Loom
9:11 Feudal Age
10:20 Double-Bit Axe
169198821
6:15 Loom
12:26 Feudal Age
[LdS]Nestoter
4:36 Loom
8:29 Feudal Age
9:00 Double-Bit Axe
9:18 Horse Collar
chello3200
0:37 Loom
Aphelink
10:11 Feudal Age
10:41 Double-Bit Axe
13:27 Loom
LaPolitziaaa
4:46 Loom
9:54 Feudal Age
11:26 Double-Bit Axe
Connection lost

Rejoining the realm…

Still unreachable

The connection could not be restored.

Session expired

The server has moved on; the page needs a fresh start.